 Dungeon Crawl Stone Soup version 0.28.0 (webtiles) character file.

Game seed: 5455867660457116290

36 Hasart the Skirmisher (level 3, 0/31 HPs)
             Began as a Demigod Fighter on Feb 10, 2022.
             Slain by a giant cockroach (2 damage)
             ... on level 2 of the Dungeon.
             The game lasted 00:01:23 (1164 turns).

Hasart the Skirmisher (Demigod Fighter)             Turns: 1164, Time: 00:01:23

Health: 0/31       AC:  7    Str: 17    XL:     3   Next: 5%
Magic:  5/5        EV:  9    Int: 10    God:
Gold:   47         SH:  5    Dex: 17    Spells: 2/2 levels left

rFire   . . .      SeeInvis .   a - +0 flail
rCold   . . .      Faith    .   c - +0 buckler
rNeg    . . .      Spirit   .   b - +1 scale mail
rPois   .          Reflect  .   (no helmet)
rElec   .          Harm     .   (no cloak)
rCorr   .          Rampage  .   (no gloves)
Will    .....                   (no boots)
Stlth   ..........              (no amulet)
HPRegen 0.10/turn               (no ring)
MPRegen 0.09/turn               (no ring)

@: brilliant, lethally poisoned (0 -> -4), attractive
A: high MP 1, forlorn, divine attributes
a: no special abilities


You were on level 2 of the Dungeon.
You visited 1 branch of the dungeon, and saw 2 of its levels.

You collected 47 gold pieces.

Inventory:

Hand Weapons
 a - a +0 flail (weapon)
Armour
 b - a +1 scale mail (worn)
 c - a +0 buckler (worn)
Potions
 d - a potion of might
 j - a potion of degeneration {unknown}


   Skills:
 + Level 3.0 Fighting
 * Level 2.4 Maces & Flails
 + Level 2.9 Armour
 + Level 0.6 Dodging
 + Level 2.9 Shields


You had 2 spell levels left.
You didn't know any spells.
Your spell library was empty.

Dungeon Overview and Level Annotations

Branches:
Dungeon (2/15)


Innate Abilities, Weirdness & Mutations

You have an increased reservoir of magic. (+10% MP)
You shall have no god before yourself.
Your divine heritage dramatically boosts your attributes as you level up.


Message History

The adder poisons you!
You closely miss the adder.
You feel sick. The adder bites you but does no damage.
The giant cockroach bites you but does no damage.
You miss the adder.
You feel sick. The adder bites you but does no damage.
The giant cockroach bites you but does no damage.
The adder barely misses you. The giant cockroach barely misses you.
You hit the adder.
The adder is moderately wounded.
You feel sick. The adder bites you but does no damage.
The giant cockroach bites you but does no damage.
The adder closely misses you. The giant cockroach barely misses you.
You closely miss the adder.
The adder is moderately wounded.
You feel sick. The adder bites you.
* * * LOW HITPOINT WARNING * * *
The giant cockroach barely misses you. The adder bites you but does no damage.
You barely miss the adder.
The adder is moderately wounded.
You feel sick.
You are no longer poisoned.
The giant cockroach bites you but does no damage.
The adder barely misses you.
The giant cockroach bites you but does no damage.
The adder bites you.
* * * LOW HITPOINT WARNING * * *
You are lethally poisoned!
The adder poisons you!
It was a potion of attraction.
You feel attractive to monsters.
* * * LOW HITPOINT WARNING * * *
You feel sick.
The giant cockroach bites you but does no damage.
The adder bites you.
* * * LOW HITPOINT WARNING * * *
It was a potion of brilliance.
You feel clever all of a sudden.
* * * LOW HITPOINT WARNING * * *
You feel sick. The giant cockroach bites you.
You die...

#####....# #........#
#........# #.......<#
#........#
########..)†#############
........###..............
#######..################
......B@...............#
.######S##############.#
... ......... ##.##
##.####.# ... #.# #.#
#... ###.####.# #....
#........# #....
#.#.###### ....
#)#.......


You could see an adder and a giant cockroach.

Vanquished Creatures
  An adder (D:2)
  A dart slug (D:1)
  An endoplasm (D:1)
  2 giant cockroaches (D:1)
  A goblin (D:1)
  3 hobgoblins
  A kobold (D:2)
  2 quokkas (D:1)
  5 ball pythons (D:1)
  3 bats
  2 frilled lizards (D:1)
  2 rats
24 creatures vanquished.

Notes
Turn   | Place    | Note
-------+----------+-------------------------------------------
     0 | D:1      | Hasart the Demigod Fighter began the quest for the Orb.
     0 | D:1      | Reached XP level 1. HP: 18/18 MP: 3/3
   561 | D:1      | Reached XP level 2. HP: 22/25 MP: 4/4
  1061 | D:2      | Reached skill level 3 in Fighting
  1136 | D:2      | Reached XP level 3. HP: 28/31 MP: 5/5
  1164 | D:2      | Slain by a giant cockroach

Illustrated notes

Levels and vault maps discovered:
D:1:      onia_arrival_pyramid, layout_basic,
          chequers_ecumenical_altar_simple_redux, minmay_misc_feat_doors
D:2:      layout_basic, basic_altar

Skill      XL: |  1  2 |
---------------+-------+-----
Maces & Flails | 2 |  2.4
Fighting       | 3 |  3.0
Armour         | |  2.9
Dodging        | |  0.6
Shields        | |  2.9

Action                   || total
-------------------------++-------
Melee: Flail             ||   107
  Use: Scroll            ||     3
       Potion            ||     2
Armor: Scale mail        ||    68
Dodge: Dodged            ||    62
Block: Buckler           ||    25
